 Dungeon Crawl Stone Soup version 0.25.0-9-g26727b657a (webtiles) character file.

Game seed: 8454312472527257414

225290 Hastur the Unseen (level 18, -9/134 HPs)
             Began as a Vampire Air Elementalist on June 20, 2020.
             Was a High Priest of Ashenzari.
             Mangled by an alligator snapping turtle (36 damage)
             ... on level 4 of the Shoals on June 21, 2020.
             The game lasted 03:54:39 (66422 turns).

Hastur the Unseen (Vampire Air Elementalist)       Turns: 66422, Time: 03:54:40

Health: -9/134     AC: 12    Str:  7    XL:     18   Next: 61%
Magic:  0/41       EV: 23    Int: 26    God:    Ashenzari [*****.]
Gold:   1186       SH:  8    Dex: 18    Spells: 10/37 levels left

rFire    + . .     SeeInvis +   b - +5 dagger (elec)
rCold    . . .     Gourm    .   Y - +2 buckler {AC+3}
rNeg     . . .     Faith    .   p - +2 robe {MR+} (curse)
rPois    +         Spirit   +   s - +0 helmet (curse)
rElec    +         Reflect  .   (no cloak)
rCorr    .         Harm     .   V - +0 pair of gloves "Edazon" {rPois SInv}
MR       ++...     Clarity  +   q - +2 pair of boots (curse)
Stlth    ++++++++..             M - amulet of guardian spirit
HPRegen  0.52/turn              A - ring "Xaruxim" {rElec rF+ MP+9 Dex+4} (curse)
MPRegen  0.27/turn              (no ring)

@: death channel, regenerating quickly, lightly drained
A: no food, fangs 3, see invisible, unbreathing
}: 1/15 runes: serpentine
a: Exsanguinate, Curse Item, Scrying, Transfer Knowledge, Renounce Religion


You were on level 4 of the Shoals.
You worshipped Ashenzari.
Ashenzari was extremely pleased with you.
You were alive.

You visited 5 branches of the dungeon, and saw 31 of its levels.
You also visited: Bailey.

You collected 3327 gold pieces.
You spent 2141 gold pieces at shops.

Inventory:

Hand Weapons
 a - the +6 broad axe "Vephoanu" {freeze, rC++}
   (You found it on level 11 of the Dungeon)

   It has been specially enchanted to freeze those struck by it, causing extra
   injury to most foes and up to half again as much damage against particularly
   susceptible opponents.
   It can also slow down cold-blooded creatures.
   It greatly protects you from cold.
 b - a +5 dagger of electrocution (weapon)
 d - the +8 whip "Snakebite" {curare, rPois}
   (You found it on level 4 of the Lair of Beasts)

   It poisons the flesh of those it strikes.
   It protects you from poison.
Missiles
 r - 127 poisoned darts (quivered)
 U - 15 curare-tipped darts
 W - 7 throwing nets
Armour
 p - a cursed +2 robe of magic resistance (worn)
 q - a cursed +2 pair of boots (worn)
 s - a cursed +0 helmet (worn)
 B - a +0 kite shield of reflection
 V - the +0 pair of gloves "Edazon" (worn) {rPois SInv}
   (You found it on level 1 of the Lair of Beasts)

   It protects you from poison.
   It lets you see invisible.
 Y - a +2 buckler of protection (worn)
Jewellery
 n - an uncursed ring of protection from fire
 A - the cursed ring "Xaruxim" (left hand) {rElec rF+ MP+9 Dex+4}
   (You found it on level 6 of the Dungeon)

   [ring of protection from fire]

   It affects your dexterity (+4).
   It protects you from fire.
   It insulates you from electricity.
   It affects your magic capacity (+9).
   It has a curse placed upon it.
 G - an uncursed ring of resist corrosion
 M - an amulet of guardian spirit (around neck)
 Z - an uncursed ring of protection from magic
Wands
 u - a wand of disintegration (22)
 z - a wand of paralysis (22)
 N - a wand of clouds (13)
 O - a wand of iceblast (40)
 S - a wand of acid (10)
Scrolls
 c - 6 scrolls of amnesia
 e - a scroll of torment
 f - 4 scrolls of enchant armour
 g - 2 scrolls of summoning
 h - 6 scrolls of magic mapping
 j - 14 scrolls of teleportation
 k - 15 scrolls of identify
 l - 2 scrolls of noise
 m - 17 scrolls of remove curse
 v - a scroll of silence
 x - a scroll of fear
 K - 2 scrolls of immolation
 L - 2 scrolls of fog
 T - 2 scrolls of vulnerability
Potions
 i - 3 potions of lignification
 o - 5 potions of haste
 t - 13 potions of curing
 w - a potion of invisibility
 D - a potion of cancellation
 E - 5 potions of magic
 F - a potion of resistance
 H - a potion of flight
 I - 3 potions of berserk rage
 P - 2 potions of ambrosia
 Q - 3 potions of mutation
 R - 3 potions of brilliance
Miscellaneous
 C - a box of beasts


   Skills:
 - Level 10.0(9.5) Fighting
 - Level 12.0(13.8) Dodging
 - Level 20.0(21.3) Stealth
 - Level 6.0(5.5) Shields
 + Level 10.5(10.0) Unarmed Combat
 - Level 10.0(9.5) Spellcasting
 - Level 0.6(0.2) Conjurations
 - Level 14.0(13.4) Necromancy
 - Level 14.0(13.5) Transmutations
 - Level 10.0(9.5) Air Magic
 - Level 12.0(11.5) Earth Magic


You had 10 spell levels left.
You knew the following spells:

 Your Spells              Type           Power        Failure   Level  Hunger
a - Shock                 Conj/Air       ####         1%          1    N/A
b - Airstrike             Air            ######....   1%          4    N/A
c - Animate Skeleton      Necr           N/A          1%          1    N/A
d - Borgnjor's Vile Clut  Necr/Erth      ######....   1%          5    N/A
e - Death Channel         Necr           ######....   3%          6    N/A
f - Animate Dead          Necr           N/A          1%          4    N/A
g - Statue Form           Tmut/Erth      ######...    4%          6    N/A

Your spell library contained the following spells:

 Spells                   Type           Power        Failure   Level  Hunger
 Corpse Rot               Necr/Air       N/A          1%          2    N/A
 Poisonous Vapours        Pois/Air       #####.       1%          2    N/A
 Sublimation of Blood     Necr           ######....   1%          2    N/A
 Swiftness                Chrm/Air       #####...     1%          2    N/A
 Static Discharge         Conj/Air       #####...     1%          3    N/A
 Stone Arrow              Conj/Erth      #####.       1%          3    N/A
 Dispel Undead            Necr           ######..     1%          4    N/A
 Petrify                  Tmut/Erth      ######..     1%          4    N/A
 Agony                    Necr           ######..     1%          5    N/A
 Mephitic Cloud           Conj/Pois/Air  ####....     3%          3    N/A
 Ice Form                 Ice/Tmut       #####...     3%          4    N/A
 Hydra Form               Tmut           ######....   3%          6    N/A
 Apportation              Tloc           ##....       4%          1    N/A
 Corona                   Hex            ##.....      4%          1    N/A
 Freeze                   Ice            ##..         4%          1    N/A
 Magic Dart               Conj           ##..         4%          1    N/A
 Summon Small Mammal      Summ           ##..         4%          1    N/A
 Leda's Liquefaction      Hex/Erth       #####.....   4%          4    N/A
 Blink                    Tloc           N/A          8%          2    N/A
 Call Imp                 Summ           ##......     8%          2    N/A
 Slow                     Hex            ##......     8%          2    N/A
 Irradiate                Conj/Tmut      #####.....   8%          5    N/A
 Excruciating Wounds      Chrm/Necr      #####.....   9%          5    N/A
 Yara's Violent Unravell  Hex/Tmut       #####.....   9%          5    N/A
 Confusing Touch          Hex            ##......     14%         3    N/A
 Conjure Flame            Conj/Fire      ##......     14%         3    N/A
 Frozen Ramparts          Ice            ##....       14%         3    N/A
 Gell's Gravitas          Tloc           ##........   14%         3    N/A
 Ozocubu's Armour         Chrm/Ice       ##......     14%         3    N/A
 Recall                   Summ/Tloc      N/A          14%         3    N/A
 Dragon Form              Tmut           ######....   16%         7    N/A
 Lightning Bolt           Conj/Air       #####.....   19%         5    N/A
 Bolt of Magma            Conj/Fire/Erth ####......   26%         5    N/A
 Hailstorm                Conj/Ice       ##......     41%         4    N/A
 Summon Ice Beast         Ice/Summ       ##......     43%         4    N/A
 Eringya's Noxious Bog    Tmut/Pois      #####.....   43%         6    N/A
 Simulacrum               Ice/Necr       #####.....   43%         6    N/A
 Iron Shot                Conj/Erth      #####.....   54%         6    N/A
 Metabolic Englaciation   Hex/Ice        ##........   80%         5    N/A
 Summon Forest            Summ/Tloc      ##........   80%         5    N/A
 Freezing Cloud           Conj/Ice/Air   ####......   89%         6    N/A
 Ozocubu's Refrigeration  Ice            ##........   100%        6    N/A
 Ring of Flames           Chrm/Fire      ##........   100%        7    N/A
 Summon Hydra             Summ           ##........   100%        7    N/A
 Chain Lightning          Conj/Air       #####.....   100%        8    N/A
 Lehudib's Crystal Spear  Conj/Erth      #####.....   100%        8    N/A
 Absolute Zero            Ice            ##........   100%        9    N/A
 Fire Storm               Conj/Fire      ##........   100%        9    N/A
 Shatter                  Erth           ######....   100%        9    N/A

Dungeon Overview and Level Annotations

Branches:
Dungeon (15/15)            Temple (0/1) D:7            Lair (6/6) D:8
 Shoals (4/4) Lair:3        Snake (4/4) Lair:2        Slime (0/5) Lair:5
    Orc (2/2) D:12            Elf (0/3) Orc:2        Vaults (0/5) D:14
 Depths (0/5) D:15         Bailey (visited)

Altars:
Ashenzari
Cheibriados
Fedhas
Makhleb
Nemelex Xobeh
Okawaru
Qazlal
Ru
Sif Muna
Trog
Vehumet
Yredelemnul
Zin
Jiyva

Shops:
D:6 [:[   Orc:2 !}?(   Snake:2 :[   Snake:3 =}=

Annotations:
D:5 1 runed translucent door, Crazy Yiuf
D:8 2 transporters, kelmiir's ghost, novice GrFi
D:12 exclusion: downstairs
D:14 1 runed translucent door
Shoals:2 2 transporters
Snake:1 3 runed translucent doors, mif's ghost, journeyman MiBe; releu's ghost, journeyman TrCj


Innate Abilities, Weirdness & Mutations

You do not eat.
Your natural rate of healing is unusually fast.
You have razor-sharp teeth.
You have supernaturally acute eyesight. (SInv)
You can survive without breathing.


Message History

The alligator snapping turtle bites you from afar.
The merfolk closely misses your spectral merfolk.
Your spectral merfolk hits the merfolk!
Unknown command.
The zombie hands constrict the alligator snapping turtle!
The zombie hands constrict the plant!!
The alligator snapping turtle bites you from afar!!
The merfolk hits your spectral merfolk with a cursed -3 trident!
Your spectral merfolk hits the merfolk.
Unknown command.
The zombie hands constrict the alligator snapping turtle!
The zombie hands constrict the plant.
You destroy the plant!
The zombie hands release their grip on the alligator snapping turtle.
The alligator snapping turtle bites you from afar!!!
* * * LOW HITPOINT WARNING * * *
Your spectral merfolk hits the merfolk!
The merfolk hits your spectral merfolk with a cursed -3 trident!
The alligator snapping turtle bites you from afar!!!
You die...

≈ ≈ ≈ ≈ ≈ ≈ ≈ ≈ , ≈≈
≈≈≈≈≈≈≈≈≈≈≈≈≈≈≈ ≈, , ≈≈
≈≈≈≈≈≈≈≈≈≈≈≈≈≈≈.,,, ,, ≈≈≈≈
≈≈≈≈≈≈≈≈≈≈≈≈≈≈≈. , ,,,, ≈ ≈
≈ ≈≈≈≈≈≈≈≈≈≈≈≈≈≈≈,, , , ≈
≈≈≈≈≈≈≈≈P≈≈≈≈≈≈≈≈≈≈,,, , ≈
≈≈ ≈≈≈≈P≈≈≈≈≈≈≈≈# #P ,,, ,
≈ ≈≈≈PPP≈≈≈≈..PP#PP# ,, ,
≈≈≈ ≈PPP≈P≈≈@.......#, , ,
≈≈≈ PP≈P≈≈.P........ , ,,
≈≈ ≈ ≈≈PP≈≈ZPt.##.....P. ,,
≈ ≈≈ ≈≈≈PPP≈.m......|...
..... ≈ ≈
≈≈P≈≈≈.....P(....##.....
≈≈≈
≈≈≈≈≈≈≈....P............ ≈
≈≈
≈≈≈P≈PP≈...PPP#.........≈
≈≈≈
≈≈≈P≈≈≈≈...PPP#PP#PP....≈
≈≈≈≈≈≈≈≈.P...##PP#P#.(.%.≈P


You could see an alligator snapping turtle, a merfolk and a friendly spectral
merfolk.

Vanquished Creatures
  Vashnia (Snake:4)
  Donald (Snake:4)
  8 nagarajas
  A frost giant (Shoals:3)
  Aizul (Snake:4)
  Nessos (D:12)
  5 dire elephants
  Josephine (Shoals:1)
  3 merfolk impalers (Shoals:2)
  An ice dragon (D:11)
  6 naga warriors
  8 hydras
  3 vault guards (D:14)
  Erica (Lair:2)
  7 centaur warriors
  A merfolk avatar (Shoals:1)
  10 anacondas
  2 tengu warriors
  2 alligator snapping turtles (Shoals:3)
  A death knight (D:14)
  2 catoblepae
  A satyr (Shoals:2)
  34 two-headed ogres
  6 ogre magi
  10 death yaks
  A queen ant (Lair:2)
  6 shock serpents
  Urug (Lair:5)
  13 naga sharpshooters
  Sonja (Lair:5)
  Nergalle (D:12)
  A salamander mystic (Snake:4)
  A fire crab (Lair:5)
  6 unseen horrors
  5 sea snakes
  2 deep trolls (Orc:2)
  5 wizards
  5 naga ritualists
  4 harpies
  A wolf spider zombie (D:15)
  An orc knight (D:15)
  10 mana vipers
  2 deep elf magi
  An orc sorcerer (Orc:2)
  A wolf spider (D:15)
  9 cyclopes
  2 fauns
  4 manticores
  9 ugly things
  13 elephants (Lair:6)
  3 salamanders
  4 water nymphs
  6 guardian serpents
  6 naga magi
  2 torpor snails
  Joseph (D:10)
  2 merfolk sirens
  Psyche (D:12)
  27 black mambas
  7 centaur skeletons
  A rime drake (D:11)
  2 gargoyles
  9 spiny frogs
  4 komodo dragons
  A kobold demonologist (D:15)
  A freezing wraith (D:14)
  2 tengu conjurers
  14 trolls
  A queen bee (Lair:1)
  3 meliai (D:13)
  3 hornets
  12 merfolk
  3 wind drakes
  7 blink frogs
  2 dream sheep (Shoals:3)
  6 slime creatures
  4 polar bears
  13 hippogriffs
  2 snapping turtles
  A hippogriff (shapeshifter) (D:14)
  A spriggan (D:7)
  2 shadows
  Eustachio (D:6)
  6 wraiths
  4 water elementals
  3 wyverns
  A vampire (D:14)
  2 basilisks
  51 yaks
  3 hogs (Snake:4)
  A human (shapeshifter) (D:13)
  20 humans (D:14)
  4 hungry ghosts
  2 wargs (Orc:2)
  15 vampire mosquitoes
  22 nagas
  3 soldier ants (Lair:2)
  An acid dragon (D:15)
  12 water moccasins
  Duvessa (D:4)
  9 porcupines
  5 sky beasts
  An eye of draining (shapeshifter) (D:15)
  3 black bears
  A hornet zombie (D:11)
  4 necrophages
  30 orc warriors
  2 phantoms
  5 ice beasts
  An eye of draining (D:11)
  40 ogres
  4 wolves (Lair:2)
  19 centaurs
  8 crocodiles
  6 big kobolds
  A gnoll sergeant (D:13)
  3 wyvern zombies
  24 bullfrogs
  Dowan (D:4)
  7 scorpions
  A water moccasin skeleton (D:5)
  39 killer bees
  2 howler monkeys
  11 crimson imps
  3 bullfrog zombies (D:12)
  3 centaur zombies
  3 jellies
  7 hounds
  25 orc wizards
  13 orc priests
  3 bullfrog skeletons
  17 worker ants
  4 iguanas
  A killer bee zombie (D:10)
  Robin (D:2)
  6 gnolls
  A worker ant zombie (D:11)
  11 adders
  4 shadow imps
  12 white imps (D:13)
  3 adder skeletons
  2 worms (D:2)
  3 dart slugs
  A leopard gecko (D:4)
  95 orcs
  3 giant cockroaches
  17 goblins
  10 hobgoblins
  4 jackals
  39 kobolds
  4 quokkas
  4 bats
  A frilled lizard (D:4)
  A quokka skeleton (D:6)
  A quokka zombie (D:5)
  7 rats
  7 plants
1070 creatures vanquished.

Vanquished Creatures (collateral kills)
  Kirke (Snake:4)
  5 nagarajas
  A stone giant (Shoals:3)
  2 merfolk impalers
  4 anacondas
  5 naga warriors
  2 satyrs
  A merfolk avatar (Shoals:3)
  A merfolk aquamancer (Shoals:4)
  6 naga sharpshooters
  2 shock serpents
  4 naga ritualists (Snake:4)
  2 salamander mystics (Snake:4)
  2 sea snakes
  9 fauns
  5 harpies
  8 mana vipers
  4 manticores
  A salamander (Snake:2)
  5 cyclopes
  14 black mambas
  A merfolk siren (Shoals:3)
  5 guardian serpents (Snake:4)
  3 water nymphs
  3 naga magi
  A wind drake (Shoals:4)
  8 merfolk
  3 snapping turtles
  4 dream sheep (Shoals:2)
  3 water elementals
  A wraith (Shoals:1)
  A yak (Lair:2)
  3 hogs (Snake:4)
  20 nagas
  A necrophage (D:9)
  An iguana (D:9)
  An orc (D:9)
  9 plants
152 creatures vanquished.

Vanquished Creatures (others)
  A manticore (D:11)
  A merfolk (Shoals:4)
  A human (Snake:4)
  3 bushes (D:6)
  19 fungi
  57 plants
  4 withered plants (Snake:1)
86 creatures vanquished.

Grand Total: 1308 creatures vanquished

Notes
Turn   | Place    | Note
-------+----------+-------------------------------------------
     0 | D:1      | Hastur the Vampire Air Elementalist began the quest for the
                  | Orb.
     0 | D:1      | Reached XP level 1. HP: 13/13 MP: 3/3
    99 | D:1      | Found a shattered altar of Ashenzari.
   202 | D:1      | You fall into a shaft and drop 1 floor!
   254 | D:2      | Reached XP level 2. HP: 19/19 MP: 1/5
  1272 | D:1      | Became a worshipper of Ashenzari the Shackled
  1426 | D:2      | Reached XP level 3. HP: 24/24 MP: 2/6
  1562 | D:2      | Found a snail-covered altar of Cheibriados.
  1573 | D:2      | Reached skill level 4 in Stealth
  1918 | D:2      | Reached skill level 1 in Shields
  1921 | D:2      | Noticed Robin
  1936 | D:2      | Reached XP level 4. HP: 29/30 MP: 4/7
  1944 | D:2      | Killed Robin
  2112 | D:2      | Found a basalt altar of Yredelemnul.
  2439 | D:3      | Found a bloodstained altar of Trog.
  2970 | D:3      | Reached XP level 5. HP: 18/35 MP: 4/8
  3162 | D:2      | Reached skill level 5 in Stealth
  3214 | D:3      | Reached skill level 5 in Air Magic
  3509 | D:4      | Noticed Duvessa
  3509 | D:4      | Noticed Dowan
  4041 | D:4      | Reached XP level 6. HP: 38/41 MP: 5/9
  4206 | D:4      | Found a bloodstained altar of Trog.
  4657 | D:5      | Entered Level 5 of the Dungeon
  5035 | D:5      | Reached skill level 6 in Stealth
  5168 | D:5      | Noticed an ice beast
  5738 | D:4      | Reached XP level 7. HP: 40/46 MP: 10/10
  5935 | D:5      | Learned a level 4 spell: Airstrike
  6053 | D:5      | Found a stormy altar of Qazlal.
  6053 | D:5      | Found a sparkling altar of Nemelex Xobeh.
  6104 | D:5      | Found a runed translucent door.
  6105 | D:5      | Noticed Crazy Yiuf
  6715 | D:5      | Reached skill level 7 in Stealth
  6990 | D:6      | Found a blossoming altar of Fedhas.
  7108 | D:6      | Noticed Eustachio
  7360 | D:6      | Killed Eustachio
  7360 | D:6      | Reached skill level 8 in Stealth
  7360 | D:6      | Reached XP level 8. HP: 14/52 MP: 2/11
  7534 | D:6      | Identified the ring "Xaruxim" {rElec rF+ MP+9 Dex+4}
  7860 | D:6      | Found Izir's Book Shoppe.
  7981 | D:6      | Found Zies's Armour Shop.
  8098 | D:6      | Reached skill level 9 in Stealth
  8609 | D:6      | Found Xatai's Armour Boutique.
  8801 | D:7      | Found a sacrificial altar of Ru.
  8920 | D:7      | Reached skill level 10 in Stealth
  8923 | D:7      | Reached XP level 9. HP: 57/57 MP: 1/12
  9128 | D:7      | Reached * piety under Ashenzari
  9145 | D:7      | Found a flagged portal.
  9162 | Bailey   | Entered a bailey
  9765 | Bailey   | Found a burning altar of Makhleb.
  9916 | D:7      | Found a staircase to the Ecumenical Temple.
 10113 | D:7      | Reached skill level 10 in Air Magic
 10263 | D:7      | Found a glowing silver altar of Zin.
 10313 | D:7      | Reached skill level 11 in Stealth
 10405 | D:7      | Reached skill level 1 in Fighting
 10539 | D:7      | Noticed a two-headed ogre
 10550 | D:7      | Killed a two-headed ogre
 10843 | D:4      | Killed Duvessa
 10843 | D:4      | Reached XP level 10. HP: 62/69 MP: 14/17
 10845 | D:4      | Killed Dowan
 10845 | D:4      | Reached skill level 12 in Stealth
 11044 | D:6      | Reached skill level 5 in Spellcasting
 11098 | D:8      | Found a transporter.
 11105 | D:8      | Identified the +1 robe of the Komodo Dragon {rF+ Int+2
                  | Stlth+}
 11123 | D:8      | Noticed a moth of wrath
 11201 | D:8      | Noticed kelmiir's ghost (novice GrFi)
 11383 | D:8      | Noticed a death yak
 11383 | D:8      | Noticed a death yak
 11383 | D:8      | Noticed a death yak
 12523 | D:8      | Found a staircase to the Lair.
 13266 | D:8      | Found a transporter.
 13557 | D:8      | Found an iron altar of Okawaru.
 14618 | D:9      | Reached skill level 13 in Stealth
 14731 | D:9      | Reached skill level 5 in Fighting
 14749 | D:9      | Learned a level 1 spell: Animate Skeleton
 14951 | D:9      | Found a shimmering blue altar of Sif Muna.
 15170 | D:10     | Entered Level 10 of the Dungeon
 15170 | D:10     | Noticed a two-headed ogre
 15176 | D:10     | Killed a two-headed ogre
 15538 | D:10     | Noticed a two-headed ogre
 15637 | D:10     | Killed a two-headed ogre
 15637 | D:10     | Reached XP level 11. HP: 81/81 MP: 3/22
 16162 | D:10     | Noticed Joseph
 16164 | D:10     | Noticed a two-headed ogre
 16167 | D:10     | Killed Joseph
 16258 | D:10     | Killed a two-headed ogre
 16676 | D:10     | Reached skill level 1 in Necromancy
 16679 | D:10     | Reached skill level 14 in Stealth
 17127 | D:10     | Noticed a two-headed ogre
 17132 | D:10     | Killed a two-headed ogre
 17450 | D:6      | Bought a book of Unlife for 910 gold pieces
 17556 | D:8      | Learned a level 5 spell: Borgnjor's Vile Clutch
 17601 | D:11     | Noticed a red ugly thing
 17605 | D:11     | Killed a red ugly thing
 17758 | D:11     | Noticed a red ugly thing
 17759 | D:11     | Reached ** piety under Ashenzari
 17775 | D:10     | Killed a purple ugly thing
 18053 | D:11     | Reached skill level 1 in Earth Magic
 18449 | D:11     | Noticed an unseen horror
 18454 | D:11     | Killed an unseen horror
 18610 | D:11     | Noticed an ice dragon
 19463 | Lair:1   | Entered Level 1 of the Lair of Beasts
 19465 | Lair:1   | Reached XP level 12. HP: 92/92 MP: 24/24
 19610 | Lair:1   | Reached skill level 5 in Necromancy
 19793 | Lair:1   | Got the uncursed pair of gloves "Edazon" {rPois SInv}
 19806 | Lair:1   | Identified the +0 pair of gloves "Edazon" {rPois SInv} (You
                  | found it on level 1 of the Lair of Beasts)
 20036 | Lair:1   | Reached skill level 15 in Stealth
 21297 | Lair:1   | Reached skill level 5 in Earth Magic
 21834 | Lair:2   | Noticed Erica
 21838 | Lair:2   | Killed Erica
 22028 | Lair:2   | Noticed a queen ant
 22637 | Lair:2   | Noticed an eight-headed hydra
 22650 | Lair:2   | Killed an eight-headed hydra
 22807 | Lair:2   | Found a staircase to the Snake Pit.
 22909 | Lair:2   | Killed a queen ant
 23975 | Lair:2   | Reached skill level 16 in Stealth
 24448 | Lair:3   | Noticed a five-headed hydra
 24453 | Lair:3   | Killed a five-headed hydra
 24683 | Lair:3   | Reached XP level 13. HP: 98/98 MP: 9/25
 25005 | Lair:3   | Found a staircase to the Shoals.
 27155 | Lair:4   | Reached *** piety under Ashenzari
 27311 | Lair:4   | Found the +8 whip "Snakebite" {curare, rPois}
 27311 | Lair:4   | Reached skill level 10 in Necromancy
 28140 | Lair:5   | Noticed Urug
 28510 | Lair:5   | Found a staircase to the Slime Pits.
 28511 | Lair:5   | Found a viscous altar of Jiyva.
 28629 | Lair:5   | Killed Urug
 28696 | Lair:5   | Noticed Sonja
 29158 | Lair:5   | Killed Sonja
 30295 | Lair:6   | Entered Level 6 of the Lair of Beasts
 30543 | Lair:6   | Reached skill level 17 in Stealth
 30708 | Lair:6   | Reached skill level 5 in Dodging
 31311 | Lair:6   | Reached **** piety under Ashenzari
 31421 | Lair:6   | Reached XP level 14. HP: 108/108 MP: 2/26
 31735 | Lair:6   | Reached skill level 10 in Earth Magic
 34153 | D:8      | Found a transporter.
 34169 | D:8      | Found a transporter.
 34642 | D:8      | Reached skill level 10 in Fighting
 34905 | D:8      | Found an iron altar of Okawaru.
 35151 | D:11     | Got the broad axe "Vephoanu" {freeze, rC++}
 35152 | D:11     | Identified the +6 broad axe "Vephoanu" {freeze, rC++} (You
                  | found it on level 11 of the Dungeon)
 35868 | D:12     | Found a staircase to the Orcish Mines.
 35909 | D:12     | Noticed Psyche
 35910 | D:12     | Noticed Nessos
 35913 | D:12     | Killed Psyche
 35922 | D:12     | Killed Nessos
 36310 | D:12     | Noticed Nergalle
 36800 | D:12     | Reached skill level 18 in Stealth
 37238 | D:12     | Killed Nergalle
 39551 | D:13     | Reached XP level 15. HP: 115/115 MP: 10/27
 41238 | D:14     | Found a runed translucent door.
 41243 | D:14     | Found a runed translucent door.
 41243 | D:14     | Found a runed translucent door.
 43350 | D:14     | Reached skill level 19 in Stealth
 43467 | D:14     | Found a gate to the Vaults.
 43597 | D:14     | Reached skill level 10 in Dodging
 44204 | D:14     | Found a burning altar of Makhleb.
 44264 | D:14     | Learned a level 6 spell: Death Channel
 44316 | D:15     | Entered Level 15 of the Dungeon
 44431 | D:14     | Reached skill level 20 in Stealth
 45524 | D:15     | Reached XP level 16. HP: 122/122 MP: 10/28
 45678 | D:15     | Reached ***** piety under Ashenzari
 46926 | D:15     | Found a staircase to the Depths.
 47042 | Orc:1    | Entered Level 1 of the Orcish Mines
 47438 | Orc:1    | Found a radiant altar of Vehumet.
 48062 | Orc:2    | Entered Level 2 of the Orcish Mines
 49963 | Orc:2    | Found Osoeng's Distillery.
 50016 | Orc:2    | Found Jitas Tuch's Gadget Shoppe.
 50025 | Orc:2    | Found Ratax's Magic Scroll Shop.
 50043 | Orc:2    | Found Aru Avu's Antique Weapon Emporium.
 50403 | Orc:2    | Found a staircase to the Elven Halls.
 51171 | Orc:2    | Bought an encrusted dagger for 175 gold pieces
 51178 | Orc:2    | Learned a level 4 spell: Animate Dead
 51374 | Snake:1  | Entered Level 1 of the Snake Pit
 51404 | Snake:1  | Reached skill level 5 in Shields
 51592 | Snake:1  | Found a runed translucent gate.
 51593 | Snake:1  | Found a runed translucent gate.
 51594 | Snake:1  | Found a runed translucent gate.
 51595 | Snake:1  | Noticed releu's ghost (journeyman TrCj)
 51596 | Snake:1  | Noticed mif's ghost (journeyman MiBe)
 52125 | Snake:2  | Reached skill level 10 in Spellcasting
 52131 | Snake:2  | Found Veamna's Book Shop.
 52145 | Snake:2  | Bought a book of Transfigurations for 880 gold pieces
 52152 | Snake:2  | Learned a level 6 spell: Statue Form
 52386 | Snake:2  | Reached skill level 1 in Transmutations
 52674 | Snake:2  | Found Kaf Lev's Antique Armour Boutique.
 53844 | Snake:3  | Reached skill level 5 in Transmutations
 53844 | Snake:3  | Reached XP level 17. HP: 128/128 MP: 9/31
 54636 | Snake:3  | Found Jizow's Jewellery Shoppe.
 54638 | Snake:3  | Found Pouxt's Gadget Boutique.
 54639 | Snake:3  | Found Wueguremi's Jewellery Shoppe.
 55170 | Snake:4  | Entered Level 4 of the Snake Pit
 55170 | Snake:4  | Noticed Vashnia
 55182 | Snake:4  | Noticed Kirke
 55193 | Snake:4  | Killed Kirke
 55208 | Snake:4  | Killed Vashnia
 55460 | Snake:4  | Reached skill level 10 in Transmutations
 56413 | Snake:4  | Noticed Aizul
 56430 | Snake:4  | Killed Aizul
 56437 | Snake:4  | Noticed Donald
 57008 | Snake:4  | Killed Donald
 60154 | Snake:4  | HP: 5/128 [naga warrior/cursed -1 trident (12)]
 60859 | Snake:4  | Reached XP level 18. HP: 99/134 MP: 9/32
 61059 | Snake:4  | Reached skill level 1 in Unarmed Combat
 61144 | Snake:4  | Got a serpentine rune of Zot
 61607 | Orc:2    | Bought a potion of heal wounds for 80 gold pieces
 61607 | Orc:2    | Bought a potion of curing for 48 gold pieces
 61607 | Orc:2    | Bought a potion of curing for 48 gold pieces
 61797 | Shoals:1 | Entered Level 1 of the Shoals
 61797 | Shoals:1 | Noticed Josephine
 61802 | Shoals:1 | Killed Josephine
 63225 | Shoals:2 | Found a transporter.
 63256 | Shoals:2 | Reached skill level 5 in Unarmed Combat
 63511 | Shoals:2 | Found a transporter.
 63625 | Shoals:2 | Identified the +1 robe "Odduasex" {rF++ rN+++ Str-3 Dex-2}
 65134 | Shoals:3 | Identified the +3 war axe "Wifricun" {venom, *Drain MR-
                  | Str+2 Int+8}
 65911 | Shoals:4 | Entered Level 4 of the Shoals
 65925 | Shoals:4 | Reached skill level 10 in Unarmed Combat
 66422 | Shoals:4 | Mangled by an alligator snapping turtle

Illustrated notes

Levels and vault maps discovered:
D:1:      mushboom_english_gardens, layout_basic, serial_rivers,
          chequers_serial_rivers_small_b, chequers_serial_rivers_room_b,
          chequers_serial_rivers_large_a, chequers_serial_rivers_micro_b,
          dk_noncrumbling_3, evilmike_ruin_ashenzari
D:2:      minmay_spotlight, layout_loops_ring, lemuel_doored_altar,
          lemuel_crystal_altar, uniq_robin
D:3:      layout_basic, bloody_trog, kennysheep_generic_room_5
D:4:      layout_basic, first_ration, trog_butcher_becter, uniq_duvessa
D:5:      layout_rooms, gammafunk_temple_overflow_elements,
          uniq_crazy_yiuf_cottage
D:6:      minmay_clustersquares, layout_loops_ring, fedhas_altar_decomposition,
          serial_shops, shop_fountains, shop, kennysheep_little_box,
          grunt_ministairs_12, uniq_eustachio
D:7:      layout_gridville, overflow_temple_1_default, old_standard_altar,
          minmay_temple_entry_steel_oval, enter_bailey_6, the_bakery
D:8:      layout_layer_cave, okawaru_altar_gauntlet_db, dpeg_lair_monsters,
          gammafunk_ghost_berserking_beasts
D:9:      layout_rooms, led_sif_pool, grunt_decor_fettered
D:10:     layout_cave_pools, kennysheep_generic_room_15, uniq_joseph
D:11:     minmay_coctagon, layout_rooms, minmay_misc_feat_plants,
          lemuel_flamethrower_1
D:12:     layout_irregular_city, orc_0_dummy, grunt_potential, uniq_nergalle,
          uniq_nessos, uniq_psyche
D:13:     layout_cave_pools, portal_ice_cave_entry_imps
D:14:     minmay_the_grid_triangle_9x9_recursive_2
          [minmay_the_grid_triangle_9x9_prize_insulated,
          minmay_the_grid_triangle_9x9_shrine,
          minmay_the_grid_triangle_9x9_sprig,
          minmay_the_grid_triangle_9x9_fully_insulated_deathbox],
          layout_cave_pods, grunt_vaults_entry_tiered, minmay_misc_feat_tower,
          nrook_guardian_serpent_ordinary
D:15:     hangedman_depths_entry_try_elsewhere_first, layout_rooms,
          nicolae_wwwww, minmay_misc_feat_tiny, minmay_misc_feat_rugged
Lair:1:   layout_gridlike, special_room [special_room_bee]
Lair:2:   layout_chaotic_city, dummy_snake_entry, minmay_another_anthill,
          uniq_erica
Lair:3:   layout_regular_city, minmay_shoals_entry_centaurs
Lair:4:   minmay_guarded_unrand_snakebite, layout_cave_pods, grunt_megastairs_5,
          serial_bayou_shore_b
Lair:5:   layout_layer_cave, slime_altar_1, st_stairs_7, uniq_urug, uniq_sonja
Lair:6:   due_jungle_book, layout_regular_city, st_stairs_3
Shoals:1: layout_shoals, uniq_josephine
Shoals:2: gammafunk_the_bubble [the_bubble_gammafunk_grid], layout_shoals
Shoals:3: layout_shoals, st_shoals_ruin
Shoals:4: shoals_end_grunt_garden, layout_shoals
Snake:1:  layout_cave_shapes, gammafunk_ghost_cemetery, drop_trap
Snake:2:  layout_rooms, serial_shops, shop, shop_statue,
          nicolae_snake_single_loop
Snake:3:  layout_honeycomb, minmay_shop_grove
Snake:4:  johnstein_snake_rune_scales, layout_cave_town, uniq_aizul,
          uniq_vashnia, uniq_kirke, uniq_donald
Orc:1:    layout_caves, basic_altar
Orc:2:    st_orc_open, layout_diamond_mine

Skill      XL: |  1  2  3  4  5  6  7  8  9 10 11 12 13 14 15 16 17 18 |
---------------+-------------------------------------------------------+-----
Stealth        | 4 5 6 8 10 11 13 14 16 17 18 20 | 20.0
Air Magic      | 4 5 6 7 9 10 | 10.0
Shields        | 1 2 4 6 |  6.0
Spellcasting   | 4 7 8 10 | 10.0
Fighting       | 2 6 8 9 10 | 10.0
Necromancy     | 4 8 10 11 12 14 | 14.0
Earth Magic    | 3 7 9 11 12 | 12.0
Dodging        | 5 8 11 12 | 12.0
Transmutations | 5 13 14 | 14.0
Unarmed Combat | 10 | 10.5
Conjurations   | |  0.6

Action                   |  1- 3 |  4- 6 |  7- 9 | 10-12 | 13-15 | 16-18 || total
-------------------------+-------+-------+-------+-------+-------+-------++-------
Melee: Dagger            |     5 |    57 |    43 |    55 |     8 |   323 ||   491
       Bite              |       |     3 |     5 |     9 |    34 |    53 ||   104
       Whip              |       |       |       |       |    83 |    74 ||   157
       Broad axe         |       |       |       |       |   162 |    97 ||   259
 Fire: Hunting sling     |    35 |    58 |       |       |       |       ||    93
Throw: Dart              |       |    16 |    42 |     1 |       |       ||    59
 Cast: Shock             |    37 |   119 |   193 |    19 |       |     3 ||   371
       Airstrike         |       |       |    47 |   494 |   539 |   414 ||  1494
       Animate Skeleton  |       |       |       |    11 |     2 |       ||    13
       Borgnjor's Vile C |       |       |       |     3 |   168 |   223 ||   394
       Death Channel     |       |       |       |       |       |    65 ||    65
       Statue Form       |       |       |       |       |       |     1 ||     1
Invok: Curse Item        |       |     2 |     1 |     1 |     1 |       ||     5
Evoke: Wand              |       |       |       |     1 |     1 |     3 ||     5
  Use: Scroll            |       |       |       |    12 |    15 |    10 ||    37
       Potion            |       |       |       |     1 |     1 |     5 ||     7
 Stab: Sleeping          |       |       |       |       |     4 |     5 ||     9
       Distracted        |       |       |       |       |     1 |    15 ||    16
Armor: Leather armour    |     3 |    32 |    48 |    30 |    32 |       ||   145
       Robe              |       |       |       |       |    58 |    93 ||   151
Dodge: Dodged            |    12 |   100 |    96 |    94 |   380 |   800 ||  1482
Block: Buckler           |       |    22 |    54 |    49 |   165 |   337 ||   627
